 Dungeon Crawl Stone Soup version 0.31-a0-246-g8cbcc1cb85 (webtiles) character file.

Game seed: 11691341584710198189

1232 gruber the Ruffian (level 8, -4/58 HPs)
             Began as a Demonspawn Shapeshifter on July 12, 2023.
             Was an Initiate of Okawaru.
             Succumbed to a water moccasin's poison
             ... on level 6 of the Dungeon.
             The game lasted 00:05:45 (5619 turns).

gruber the Ruffian (Demonspawn Shapeshifter)        Turns: 5619, Time: 00:05:46

Health: -4/58      AC:  5    Str: 17    XL:     8   Next: 24%
Magic:  8/8        EV: 11    Int: 16    God:    Okawaru [......]
Gold:   193        SH:  4    Dex: 14    Spells: 7/7 levels left

rFire   . .          .
                       - Unarmed
rCold   . . .        e - +0 buckler
rNeg    . . .        a - +0 animal skin
rPois   +            (helmet currently unavailable)
rElec   .            (cloak currently unavailable)
rCorr   .            (gloves currently unavailable)
SInv    .            (boots currently unavailable)
Will    .....        (no amulet)
Stlth   +            n - ring of poison resistance
HPRegen 0.29/turn    x - +6 ring of intelligence
MPRegen 0.11/turn

%: no passive effects
@: lethally poisoned (-4 -> -27), beast-form
A: beast (slay +3), hooves 1, icy blue scales 2
a: Renounce Religion


You were on level 6 of the Dungeon.
You worshipped Okawaru.
Okawaru was noncommittal.
You were a hulking beast.
You visited 2 branches of the dungeon, and saw 7 of its levels.
You also visited: Sewer.

You collected 193 gold pieces.

Inventory:

Missiles
 q - 10 poisoned darts
 s - a curare-tipped dart
Armour
 a - a +0 animal skin (worn)
 e - a +0 buckler (worn)
 y - a +1 cloak
Jewellery
 n - a ring of poison resistance (left hand)
 x - a +6 ring of intelligence (right hand)
Talismans
 c - a beast talisman
Scrolls
 f - a scroll of immolation {unknown}
 i - 3 scrolls of fear {unknown}
 j - a scroll of torment {unknown}
 l - 6 scrolls of revelation {unknown}
 p - 2 scrolls of blinking {unknown}
 r - 2 scrolls of teleportation {unknown}
 t - a scroll of acquirement {unknown}
 v - 2 scrolls of noise {unknown}
 w - a scroll of brand weapon {unknown}
Potions
 b - a potion of lignification
 d - a potion of attraction {unknown}
 g - 3 potions of degeneration {unknown}
 h - a potion of mutation {unknown}
 k - 3 potions of cancellation {unknown}
 m - 2 potions of enlightenment {unknown}
 o - 4 potions of heal wounds {unknown}
 u - a potion of haste {unknown}


   Skills:
 - Level 3.0 Fighting
 - Level 1.7 Dodging
 * Level 1.2 Shields
 - Level 7.0 Unarmed Combat
 - Level 5.2 Shapeshifting


You had 7 spell levels left.
You didn't know any spells.
Your spell library contained the following spells:

 Spells                   Type           Power      Damage    Failure   Level
 Poisonous Vapours        Pois/Air       0%         N/A       45%         2
 Mephitic Cloud           Conj/Pois/Air  0%         N/A       69%         3
 Freezing Cloud           Conj/Ice/Air   0%         6-21      100%        5


Dungeon Overview and Level Annotations

Branches:
Dungeon (6/15)             Temple (1/1) D:5           Sewer (visited)

Altars:
Ashenzari
Cheibriados
Dithmenos
Fedhas
Gozag
Hepliaklqana
Kikubaaqudgha
Makhleb
Nemelex Xobeh
Okawaru
Qazlal
Ru
Sif Muna
Trog
Uskayaw
Vehumet
Wu Jian
Xom
Yredelemnul

Annotations:
D:4 1 runed translucent door, Crazy Yiuf


Innate Abilities, Weirdness & Mutations

You are a hulking beast.
Your limbs bulge with bestial killing power. (Slay +3)
You have large cloven feet.
You are mostly covered in icy blue scales. (AC +3)


Message History

The water moccasin attacks as you move away!
The water moccasin barely misses you.
The water moccasin bites you but does no damage.
The water moccasin attacks as you move away!
The water moccasin barely misses you. The water moccasin bites you.
The water moccasin attacks as you move away!
The water moccasin bites you. The water moccasin barely misses you.
The water moccasin attacks as you move away!
The water moccasin bites you.
You are poisoned.
The water moccasin poisons you!
You feel very sick.
The water moccasin attacks as you move away!
The water moccasin bites you.
You feel sick. You block the water moccasin's attack.
You feel sick.
You feel sick. The water moccasin bites you.
You are more poisoned.
The water moccasin poisons you!
* * * LOW HITPOINT WARNING * * *
You feel very sick.
You feel very sick.
The water moccasin attacks as you move away!
The water moccasin barely misses you.
You feel sick. The water moccasin bites you.
* * * LOW HITPOINT WARNING * * *
* * * LOW HITPOINT WARNING * * *
You feel sick.
The water moccasin attacks as you move away!
The water moccasin bites you but does no damage.
* * * LOW HITPOINT WARNING * * *
You feel sick. The water moccasin bites you.
* * * LOW HITPOINT WARNING * * *
You are more poisoned.
The water moccasin poisons you!
Unknown command.
Unknown command.
Okay, then.
You die...

#.# ###.......##.# ..
######.#.#####....####
#.....lH.###.###......
#.####.#.#...# #.##### #.#
######...# #.#
#####.###.<......###.#####
#.......#................#
#.#####.#........###.###.#
. #.#hS.......##.#
....##.##.........#.#
#.......####...##..
#....##.#### ##.##### #.#.
#.# #.# .. ..# #.# .. ...#
#+# . ###.# #.#


You could see a water moccasin.

Vanquished Creatures
  Sigmund (D:4)
  Edmund (D:4)
  A phantom (D:5)
  Blork the orc (D:5)
  2 kobold brigands (Sewer)
  A gnoll sergeant (D:5)
  A scorpion (D:6)
  A howler monkey (D:5)
  A hound (D:4)
  A jelly (D:4)
  3 iguanas
  A gnoll bouda (D:4)
  9 adders
  14 gnolls
  An ufetubus (D:4)
  3 dart slugs
  8 orcs
  11 ball pythons
  12 endoplasms
  4 giant cockroaches
  5 goblins
  4 hobgoblins
  9 jackals
  8 quokkas
  6 bats
  7 frilled lizards
  12 kobolds
  11 rats
139 creatures vanquished.

Notes
Turn   | Place    | Note
-------+----------+-------------------------------------------
     0 | D:1      | gruber the Demonspawn Shapeshifter began the quest for the
                  | Orb.
     0 | D:1      | Reached XP level 1. HP: 16/16 MP: 1/1
     6 | D:1      | Found a faded altar of an unknown god.
    84 | D:1      | Reached skill level 2 in Unarmed Combat
   185 | D:1      | Gained mutation: You have large cloven feet. [demonic
                  | ancestry]
   185 | D:1      | Reached XP level 2. HP: 18/22 MP: 2/2
   545 | D:1      | Reached skill level 3 in Unarmed Combat
   878 | D:1      | Reached XP level 3. HP: 27/27 MP: 3/3
  1187 | D:2      | Found an opulent altar of Gozag.
  1785 | D:3      | Reached XP level 4. HP: 22/33 MP: 4/4
  1898 | D:3      | Reached skill level 4 in Unarmed Combat
  2034 | D:4      | Found a glowing drain.
  2048 | Sewer    | Entered a sewer
  2162 | Sewer    | Gained mutation: You are partially covered in icy blue
                  | scales. (AC +2) [demonic ancestry]
  2162 | Sewer    | Reached XP level 5. HP: 29/38 MP: 5/5
  2439 | Sewer    | Reached XP level 6. HP: 5/44 MP: 6/6
  2439 | Sewer    | HP: 2/44 [adder (4)]
  2978 | D:4      | Found a shadowy altar of Dithmenos.
  3130 | D:4      | Noticed Sigmund
  3142 | D:4      | Killed Sigmund
  3143 | D:4      | Reached skill level 5 in Shapeshifting
  3201 | D:4      | Noticed Edmund
  3211 | D:4      | Killed Edmund
  3212 | D:4      | Reached XP level 7. HP: 31/50 MP: 7/7
  3358 | D:4      | Found a runed translucent door.
  3359 | D:4      | Noticed Crazy Yiuf
  3478 | D:4      | Reached skill level 5 in Unarmed Combat
  4051 | D:5      | Entered Level 5 of the Dungeon
  4483 | D:5      | Reached skill level 6 in Unarmed Combat
  4686 | D:5      | Found a staircase to the Ecumenical Temple.
  4699 | Temple   | Entered the Ecumenical Temple
  4841 | D:5      | Found an iron altar of Okawaru.
  4847 | D:5      | Became a worshipper of Warmaster Okawaru
  4890 | D:5      | Gained mutation: You are mostly covered in icy blue scales.
                  | (AC +3) [demonic ancestry]
  4890 | D:5      | Reached XP level 8. HP: 17/56 MP: 8/8
  4970 | D:5      | Reached skill level 7 in Unarmed Combat
  5202 | D:5      | Noticed Blork the orc
  5207 | D:5      | Killed Blork the orc
  5582 | D:6      | Noticed a manticore
  5588 | D:6      | Reached skill level 1 in Shields
  5618 | D:6      | HP: 1/58 [water moccasin (4)]
  5619 | D:6      | Succumbed to a water moccasin's poison

Illustrated notes

Levels and vault maps discovered:
D:1:      dpeg_arrival_tiny_c, layout_basic, chequers_ecumenical_altar_island,
          minmay_misc_feat_enclosed
D:2:      layout_basic, basic_altar
D:3:      layout_basic
D:4:      layout_cave_pods, mainiacjoe_overflow_concentric_impassable,
          gup_sewer_entry_pipe, sigmund_edmund_badplayer,
          uniq_crazy_yiuf_cottage
D:5:      layout_loops_ring, okawaru_ov_weapons_minmay,
          minmay_temple_entry_waves, serial_park_tiny_1, uniq_blork_the_orc
D:6:      layout_loops_corners, mainiacjoe_overflow_24_doors,
          grunt_decor_fettered, hangedman_decor_push, serial_park_tiny_pond,
          minmay_fractal_squares_5
Temple:   hellmonk_temple_of_storms

Skill      XL: |  1  2  3  4  5  6  7  8 |
---------------+-------------------------+-----
Unarmed Combat | 2 3 4 6 7 |  7.0
Shapeshifting  | 3 4 5 |  5.2
Fighting       | 3 |  3.0
Shields        | 1 |  1.2
Dodging        | |  1.7

Action                     |  1- 3 |  4- 6 |  7- 9 || total
---------------------------+-------+-------+-------++-------
  Melee: Unarmed           |    97 |   128 |   117 ||   342
         Punch             |     1 |     6 |     8 ||    15
         Kick              |    13 |    34 |    50 ||    97
  Throw: Dart              |       |     1 |       ||     1
   Stab: Sleeping          |     3 |     1 |       ||     4
         Distracted        |       |       |     1 ||     1
 Armour: Animal skin       |    20 |    13 |    14 ||    47
  Dodge: Dodged            |    60 |    66 |    80 ||   206
  Block: Buckler           |       |       |     4 ||     4

Table legend: (Time is in decaauts)
 A = Elapsed time spent in this place.
 B = Non-inter-level travel time spent in this place.
 C = Inter-level travel time spent in this place.
 D = Time resting spent in this place.
 E = Time spent auto-exploring this place.
 F = Levels seen in this place.
 G = Mean time per level.
                   A        B        C        D        E       F      G
               +--------+--------+--------+--------+--------+-----+--------+
         Total |   5765 |   5589 |    176 |    394 |   4171 |   8 |  720.6 |
       Dungeon |   4662 |   4494 |    168 |    394 |   3346 |   6 |  777.0 |
        Temple |     39 |     32 |      7 |      0 |     18 |   1 |   39.0 |
         Sewer |   1063 |   1063 |      0 |      0 |    806 |   1 | 1063.0 |
               +--------+--------+--------+--------+--------+-----+--------+

Top non-repeatable levels by time:
     D:4: 1480 daAuts
     D:1: 1185 daAuts
     D:5: 1090 daAuts
   Sewer: 1063 daAuts
     D:3: 437 daAuts
     D:2: 381 daAuts
     D:6: 85 daAuts
  Temple: 39 daAuts
